 Dungeon Crawl Stone Soup version 0.31.0-12-g77e489cdc1 (webtiles) character file.

Game seed: 17186867226186594437

10504 GloriousHammer the Zephyrmancer (level 11, 0/80 HPs)
             Began as a White Draconian Artificer on Feb 3, 2024.
             Was an Elder of Makhleb.
             Slain by an eight-headed hydra (9 damage)
             ... on level 10 of the Dungeon on Mar 3, 2024.
             The game lasted 00:50:27 (13578 turns).

GloriousHammer the Zephyrmancer (DrAr)             Turns: 13578, Time: 00:50:28

Health: 0/80       AC: 12    Str: 23    XL:     11   Next: 37%
Magic:  5/22       EV: 12    Int: 13    God:    Makhleb [****..]
Gold:   1514       SH:  0    Dex: 12    Spells: 11/25 levels left

rFire   . . .        B - +1 whip (elec)
rCold   + . .        G - orb {*channel}
rNeg    . . .        (body armour unavailable)
rPois   .            (helmet restricted)
rElec   .            d - +0 cloak {Stlth+}
rCorr   .            (no gloves)
SInv    .            (no boots)
Will    .....        l - amulet of regeneration
Stlth   ++           S - +6 ring of strength
HPRegen 1.13/turn    T - +4 ring of protection
MPRegen 0.18/turn

%: channel magic (20%)
@: no status effects
A: breathe frost, AC +7, unfitting armour, cold resistance 1, cold-blooded
a: Breathe Frost, Renounce Religion, Minor Destruction, Lesser Servant of
Makhleb, Major Destruction


You were on level 10 of the Dungeon.
You worshipped Makhleb.
Makhleb was greatly pleased with you.
You visited 1 branch of the dungeon, and saw 10 of its levels.
You also visited: Sewer and Ossuary.

You collected 1514 gold pieces.

Inventory:

Hand Weapons
 z - a +0 spear of venom
 B - a +1 whip of electrocution (weapon)
Missiles
 a - 14 boomerangs
 s - 4 javelins
 u - 2 throwing nets
 I - 28 poisoned darts
 M - a curare-tipped dart (quivered)
Armour
 d - a +0 cloak of stealth (worn)
 G - an orb of energy (worn)
Jewellery
 l - an amulet of regeneration (around neck)
 v - a ring of see invisible
 C - a ring of ice
 F - a ring of fire
 L - a ring of flight
 S - a +6 ring of strength (left hand)
 T - a +4 ring of protection (right hand)
Talismans
 x - a maw talisman
 A - a flux talisman
 P - a blade talisman
Wands
 b - a wand of flame (2)
 c - a wand of charming (10)
 N - a wand of polymorph (5)
Scrolls
 f - 5 scrolls of enchant armour
 j - a scroll of silence
 k - 4 scrolls of teleportation
 n - 3 scrolls of immolation
 o - 2 scrolls of enchant weapon {unknown}
 q - a scroll of revelation {unknown}
 t - 4 scrolls of torment
 w - a scroll of vulnerability {unknown}
 y - 3 scrolls of noise
 J - a scroll of amnesia {unknown}
 O - a scroll of fear {unknown}
Potions
 e - a potion of heal wounds {unknown}
 g - a potion of berserk rage {unknown}
 h - 2 potions of cancellation {unknown}
 i - a potion of lignification {unknown}
 m - 5 potions of curing
 p - 2 potions of ambrosia {unknown}
 r - 2 potions of invisibility {unknown}
 D - 4 potions of mutation
 E - 3 potions of resistance
 H - a potion of enlightenment {unknown}
 K - a potion of brilliance {unknown}


   Skills:
 - Level 2.4 Fighting
 - Level 2.4 Maces & Flails
 - Level 2.1 Dodging
 - Level 0.8 Stealth
 - Level 5.0 Unarmed Combat
 + Level 7.6 Spellcasting
 - Level 3.6 Conjurations
 + Level 3.5 Summonings
 + Level 10.6 Air Magic
 - Level 3.6 Evocations
 + Level 7.6 Shapeshifting


You had 11 spell levels left.
You knew the following spells:

 Your Spells              Type           Power      Damage    Failure   Level
a - Shock                 Conj/Air       92%        1d8       4%          1
b - Swiftness             Air            32%        N/A       3%          3
c - Airstrike             Air            16%        2d(3-19)  8%          4
d - Static Discharge      Conj/Air       46%        3-5/arc   5%          2
e - Summon Lightning Spi  Summ/Air       23%        N/A       21%         4

Your spell library contained the following spells:

 Spells                   Type           Power      Damage    Failure   Level
 Magic Dart               Conj           56%        1d5       11%         1
 Searing Ray              Conj           28%        2d5       14%         2
 Sandblast                Erth           8%         2d5       32%         1
 Slow                     Hex            16%        N/A       32%         1
 Dazzling Flash           Conj/Hex       18%        N/A       41%         3
 Stone Arrow              Conj/Erth      18%        3d8       41%         3
 Sublimation of Blood     Necr           4%         N/A       43%         2
 Confusing Touch          Hex            4%         N/A       63%         3
 Inner Flame              Hex/Fire       4%         N/A       63%         3
 Passwall                 Erth           4%         N/A       63%         3
 Sigil of Binding         Hex            4%         N/A       63%         3
 Vampiric Draining        Necr           4%         2d6       63%         3
 Volatile Blastmotes      Fire/Tloc      8%         2d10      63%         3
 Brom's Barrelling Bould  Conj/Erth      9%         2d3       77%         4
 Fulminant Prism          Conj/Alch      4%         3d5       77%         4
 Leda's Liquefaction      Alch/Erth      2%         N/A       93%         4
 Petrify                  Alch/Erth      4%         N/A       93%         4
 Irradiate                Conj/Alch      4%         3d13      96%         5
 Lee's Rapid Deconstruct  Erth           2%         3d4*      99%         5
 Bombard                  Conj/Erth      4%         9d2       100%        6
 Starburst                Conj/Fire      4%         6d4       100%        6
 Ignition                 Fire           2%         3d3       100%        8
 Maxwell's Capacitive Co  Air            16%        ∞         100%        8


Dungeon Overview and Level Annotations

Branches:
Dungeon (10/15)            Temple (0/1) D:6            Lair (0/5) D:10
  Sewer (visited)         Ossuary (visited)
    Orc: D:9-12

Altars:
Ashenzari
Dithmenos
Elyvilon
Gozag
Hepliaklqana
Kikubaaqudgha
Makhleb

Annotations:
D:3 exclusion: downstairs
D:5 exclusion: 2 downstairs
D:7 1 runed translucent door, uncleiroh's ghost, novice MiBe
D:8 Erica


Innate Abilities, Weirdness & Mutations

You can breathe waves of freezing cold which knock back foes.
Your icy white scales are hard. (AC +7)
You cannot fit into any form of body armour.
Your flesh is cold resistant. (rC+)
You are cold-blooded and may be slowed by cold attacks.


Message History

Makhleb accepts your kill.
Unknown command.
Your lightning spire disappears in a puff of smoke!
Things that are here:
a +0 hand axe; a +0 chain mail; an orc corpse
Things that are here:
a +0 falchion; an orc corpse
Things that are here:
a +0 falchion; an orc corpse
Things that are here:
a +0 hand axe; a +0 chain mail
There is a stone staircase leading down here.
Found an opulent altar of Gozag.
Found a flux talisman.
Found a helmet.
An eight-headed hydra comes into view.
An eight-headed hydra is nearby!
An eight-headed hydra is nearby!
Casting: Summon Lightning Spire (dangerous; 21% risk of failure)
Confirm with . or Enter, or press ? or * to list all spells.
Aiming: Airstrike (dangerous; 8% risk of failure)
Press: ? - help, Dir - move target, f - eight-headed hydra
Aim: an eight-headed hydra (asleep, empty space bonus: 4/8)
The air twists around and strikes the eight-headed hydra!
The eight-headed hydra roars!
The eight-headed hydra is moderately wounded.
Casting: Airstrike (dangerous; 8% risk of failure)
Confirm with . or Enter, or press ? or * to list all spells.
An electric hum fills the air.
The eight-headed hydra bites your lightning spire!
The eight-headed hydra barely misses your lightning spire.
The eight-headed hydra bites your lightning spire!
The eight-headed hydra bites your lightning spire but does no damage. x2
The eight-headed hydra bites your lightning spire!
Your lightning spire is destroyed!
Your lightning spire disappears in a puff of smoke!
Casting: Summon Lightning Spire (dangerous; 21% risk of failure)
Confirm with . or Enter, or press ? or * to list all spells.
An electric hum fills the air.
Your lightning spire shoots out a bolt of lightning at the eight-headed hydra!
The bolt of electricity hits the eight-headed hydra.
Casting: Summon Lightning Spire (dangerous; 21% risk of failure)
Confirm with . or Enter, or press ? or * to list all spells.
Aiming: Airstrike (dangerous; 8% risk of failure)
Press: ? - help, Dir - move target, f/p - eight-headed hydra
Aim: an eight-headed hydra (lightly wounded, ally target, empty space bonus: 6/8)
The air twists around and strikes the eight-headed hydra.
The eight-headed hydra is moderately wounded.
Casting: Airstrike (dangerous; 8% risk of failure)
Confirm with . or Enter, or press ? or * to list all spells.
Aiming: Airstrike (dangerous; 8% risk of failure)
Press: ? - help, Dir - move target, f/p - eight-headed hydra
Aim: an eight-headed hydra (moderately wounded, ally target, empty space bonus: 7/8)
The air twists around and strikes the eight-headed hydra!
The eight-headed hydra is moderately wounded.
You hit the eight-headed hydra.
The eight-headed hydra is moderately wounded.
The eight-headed hydra bites you.
The eight-headed hydra barely misses you.
The eight-headed hydra bites you. x2
The eight-headed hydra closely misses you.
The eight-headed hydra bites you! The eight-headed hydra bites you.
The eight-headed hydra bites you!
Your lightning spire shoots out a bolt of lightning at the eight-headed hydra!
The bolt of electricity hits the eight-headed hydra!
You hit the eight-headed hydra but do no damage.
Lightning courses through the eight-headed hydra!
The eight-headed hydra is severely wounded.
The eight-headed hydra barely misses you.
The eight-headed hydra bites you! The eight-headed hydra bites you.
The eight-headed hydra bites you!
The eight-headed hydra completely misses you.
The eight-headed hydra barely misses you.
The eight-headed hydra bites you but does no damage.
The eight-headed hydra bites you.
* * * LOW HITPOINT WARNING * * *
You whack the eight-headed hydra! You tail-slap the eight-headed hydra.
The eight-headed hydra is almost dead.
The eight-headed hydra closely misses you.
The eight-headed hydra barely misses you. x3
The eight-headed hydra bites you but does no damage.
The eight-headed hydra bites you!
* * * LOW HITPOINT WARNING * * *
The eight-headed hydra bites you but does no damage.
The eight-headed hydra bites you.
* * * LOW HITPOINT WARNING * * *
Aiming: Throw Flame
Press: ? - help, Shift-Dir - straight line, f/p - eight-headed hydra
Aim: an eight-headed hydra (almost dead, ally target, 90% to hit)
The puff of flame hits the eight-headed hydra.
The eight-headed hydra is almost dead.
Your lightning spire shoots out a bolt of lightning at the eight-headed hydra!
The bolt of electricity hits the eight-headed hydra!
The eight-headed hydra bites your lightning spire but does no damage.
The eight-headed hydra bites your lightning spire.
The eight-headed hydra bites your lightning spire!
Your lightning spire is destroyed!
Your lightning spire disappears in a puff of smoke!
The eight-headed hydra bites you!
You die...

#.#.# #.#.######.##
#..........[## ####
###.#####.#... ... #.#
#...# #.. #.# ##...## #.#
#.# ##.....## #.# .## #.#
#....§..###.#####$....
#.###....@D...........#
#...............#####.....
######.....###### ...
##...## # #####


You could see an eight-headed hydra.

Vanquished Creatures
  Erolcha (D:9)
  A two-headed ogre (D:10)
  Amaemon (D:9)
  A skeletal warrior (D:7)
  Pikel (D:4)
  An orange demon (D:9)
  Maggie (D:8)
  Jeremiah (D:6)
  A polar bear (D:8)
  A shadow (D:9)
  4 yaks
  2 wraiths (D:7)
  A wyvern (D:8)
  An unseen horror simulacrum (D:8)
  Grum (D:10)
  A steam dragon (D:6)
  A water moccasin (D:7)
  Pargi (Sewer)
  3 orc warriors
  2 sky beasts
  2 ice beasts (D:8)
  2 black bears (D:5)
  5 ogres
  4 centaurs
  A wolf (D:8)
  A lemure (D:4)
  A kobold brigand (D:9)
  2 bullfrogs
  An elf zombie (Ossuary)
  Blork the orc (D:6)
  4 scorpions
  5 wights (D:7)
  2 burial acolytes (Ossuary)
  5 howler monkeys
  A bombardier beetle (D:5)
  A centaur zombie (Ossuary)
  A human zombie (Ossuary)
  5 jellies
  6 hounds
  A gnoll bouda (D:3)
  5 orc priests
  A sleepcap (D:4)
  2 iguanas
  An orc wizard (D:7)
  2 centaur simulacra (D:8)
  2 mummies (Ossuary)
  A howler monkey zombie (Ossuary)
  13 gnolls
  5 adders
  2 river rats (D:3)
  2 white imps
  2 ribbon worms (D:4)
  4 dart slugs
  19 orcs
  10 ball pythons
  6 bats
  6 endoplasms
  6 giant cockroaches
  A goblin (D:2)
  10 hobgoblins
  9 jackals
  8 kobolds
  A quokka (D:1)
  4 frilled lizards
  A kobold zombie (Ossuary)
  6 rats
207 creatures vanquished.

Vanquished Creatures (collateral kills)
  A hornet (D:10)
  3 yaks (D:10)
  2 wolves (D:10)
  2 gnoll sergeants (D:9)
  A bullfrog (D:9)
  2 orc priests (D:10)
  An orc wizard (D:10)
  2 gnolls (D:9)
  An adder (D:5)
  6 orcs
  6 kobolds (D:9)
27 creatures vanquished.

Vanquished Creatures (others)
  An orc warrior (D:7)
  A howler monkey (D:9)
  A hound (D:5)
  An adder (D:4)
4 creatures vanquished.

Grand Total: 238 creatures vanquished

Notes
Turn   | Place    | Note
-------+----------+-------------------------------------------
     0 | D:1      | GloriousHammer the Draconian Artificer began the quest for
                  | the Orb.
     0 | D:1      | Reached XP level 1. HP: 16/16 MP: 1/1
   191 | D:1      | Reached XP level 2. HP: 14/24 MP: 2/2
   577 | D:1      | You fall into a shaft and drop 1 floor!
  1079 | D:2      | Reached XP level 3. HP: 30/30 MP: 3/3
  1098 | D:2      | Learned a level 1 spell: Shock
  1952 | D:3      | Found a faded altar of an unknown god.
  1974 | D:3      | Reached skill level 1 in Conjurations
  1974 | D:3      | Reached skill level 1 in Air Magic
  1982 | D:3      | Prayed at the altar of an unknown god.
  1982 | D:3      | Became a worshipper of Makhleb the Destroyer
  1982 | D:3      | Reached * piety under Makhleb
  2013 | D:3      | Reached skill level 1 in Spellcasting
  2100 | D:3      | Reached XP level 4. HP: 35/37 MP: 5/5
  2121 | D:3      | Found a white marble altar of Elyvilon.
  2436 | D:3      | Found a glowing drain.
  2442 | D:3      | Reached XP level 5. HP: 20/42 MP: 7/7
  2454 | Sewer    | Entered a sewer
  2467 | Sewer    | Reached ** piety under Makhleb
  2591 | Sewer    | Reached skill level 2 in Air Magic
  2721 | Sewer    | Noticed Pargi
  2734 | Sewer    | Killed Pargi
  2735 | Sewer    | Reached XP level 6. HP: 41/50 MP: 1/9
  3429 | D:4      | Reached skill level 3 in Air Magic
  3544 | D:4      | Learned a level 3 spell: Swiftness
  3549 | D:4      | Learned a level 4 spell: Airstrike
  3864 | D:4      | Noticed Pikel
  3866 | D:4      | HP: 2/50 [orc priest/divine providence (14)]
  3867 | D:5      | Entered Level 5 of the Dungeon
  4250 | D:4      | Your scales start taking on an icy white colour.
  4250 | D:4      | Reached XP level 7. HP: 21/56 MP: 3/12
  4250 | D:4      | Gained mutation: Your flesh is cold resistant. (rC+) [White
                  | Draconian growth]
  4619 | D:4      | Killed Pikel
  4620 | D:4      | Reached skill level 4 in Air Magic
  4620 | D:4      | Reached XP level 8. HP: 56/62 MP: 11/13
  5300 | D:5      | Reached skill level 5 in Air Magic
  5838 | D:5      | Reached skill level 5 in Unarmed Combat
  6196 | D:5      | Reached skill level 1 in Maces & Flails
  6732 | D:5      | Identified 2 scrolls of acquirement
  6733 | D:5      | Acquired 702 gold pieces
  6734 | D:5      | Acquired a book of Conjurations
  6739 | D:5      | Learned a level 2 spell: Static Discharge
  6775 | D:6      | Found a staircase to the Ecumenical Temple.
  7045 | D:6      | Noticed Jeremiah
  7080 | D:5      | Reached XP level 9. HP: 43/68 MP: 10/14
  7222 | D:6      | Reached skill level 6 in Air Magic
  7486 | D:6      | Killed Jeremiah
  7486 | D:6      | Reached *** piety under Makhleb
  7604 | D:6      | Noticed Blork the orc
  7736 | D:6      | Killed Blork the orc
  7912 | D:6      | Found a shadowy altar of Dithmenos.
  8415 | D:7      | Reached skill level 5 in Spellcasting
  8415 | D:7      | Reached skill level 7 in Air Magic
  8415 | D:7      | Reached skill level 5 in Shapeshifting
  8478 | D:7      | Noticed a smoke demon
  8644 | D:7      | Found a sand-covered staircase.
  8702 | Ossuary  | Entered an ossuary
  8702 | Ossuary  | Found a huge runed translucent gate.
  8702 | Ossuary  | Found a huge runed translucent gate.
  8702 | Ossuary  | Found a huge runed translucent gate.
  8702 | Ossuary  | Found a huge runed translucent gate.
  8702 | Ossuary  | Found a huge runed translucent gate.
  8702 | Ossuary  | Found a huge runed translucent gate.
  8702 | Ossuary  | Found a huge runed translucent gate.
  8702 | Ossuary  | Found a huge runed translucent gate.
  8702 | Ossuary  | Found a huge runed translucent gate.
  8727 | Ossuary  | Found a huge runed translucent gate.
  8727 | Ossuary  | Found a huge runed translucent gate.
  8728 | Ossuary  | Found a huge runed translucent gate.
  8728 | Ossuary  | Found a huge runed translucent gate.
  8730 | Ossuary  | Found a huge runed translucent gate.
  8730 | Ossuary  | Found a huge runed translucent gate.
  8989 | Ossuary  | Found a huge runed translucent gate.
  8989 | Ossuary  | Found a huge runed translucent gate.
  8989 | Ossuary  | Found a huge runed translucent gate.
  8989 | Ossuary  | Found a huge runed translucent gate.
  8989 | Ossuary  | Found a huge runed translucent gate.
  8990 | Ossuary  | Found a huge runed translucent gate.
  8990 | Ossuary  | Found a huge runed translucent gate.
  8992 | Ossuary  | Found a huge runed translucent gate.
  8992 | Ossuary  | Found a huge runed translucent gate.
  8993 | Ossuary  | Found a huge runed translucent gate.
  8993 | Ossuary  | Found a huge runed translucent gate.
  8994 | Ossuary  | Found a huge runed translucent gate.
  8994 | Ossuary  | Found a huge runed translucent gate.
  9021 | Ossuary  | Found a huge runed translucent gate.
  9021 | Ossuary  | Found a huge runed translucent gate.
  9022 | Ossuary  | Found a huge runed translucent gate.
  9022 | Ossuary  | Found a huge runed translucent gate.
  9022 | Ossuary  | Found a huge runed translucent gate.
  9022 | Ossuary  | Found a huge runed translucent gate.
  9022 | Ossuary  | Found a huge runed translucent gate.
  9049 | Ossuary  | Reached skill level 8 in Air Magic
  9241 | D:7      | Found a runed translucent door.
  9263 | D:7      | Noticed uncleiroh's ghost (novice MiBe)
  9283 | D:7      | Found a broken altar of Ashenzari.
  9293 | D:7      | Found a hazy altar of Hepliaklqana.
  9380 | D:7      | Noticed a skeletal warrior
  9510 | D:7      | Killed a skeletal warrior
  9511 | D:7      | Reached XP level 10. HP: 27/74 MP: 3/18
  9670 | D:7      | Found the +5 scythe "Finisher" {speed, execute}
  9877 | D:7      | Upgraded the game from 0.31.0-11-ge490571c62 to
                  | 0.31.0-12-g77e489cdc1
  9962 | D:8      | Noticed Maggie
  9989 | D:8      | Killed Maggie
 10031 | D:8      | Reached skill level 9 in Air Magic
 10330 | D:8      | Learned a level 4 spell: Summon Lightning Spire
 10578 | D:8      | Noticed Erica
 10826 | D:8      | Reached **** piety under Makhleb
 11647 | D:9      | Noticed an orange demon
 11651 | D:9      | Noticed Amaemon
 11658 | D:9      | Killed an orange demon
 11710 | D:9      | Killed Amaemon
 11711 | D:9      | Reached skill level 1 in Summonings
 11711 | D:9      | Reached skill level 10 in Air Magic
 11922 | D:9      | Found an ancient bone altar of Kikubaaqudgha.
 12521 | D:9      | Noticed Erolcha
 12537 | D:9      | Reached XP level 11. HP: 80/80 MP: 8/21
 12567 | D:9      | Killed Erolcha
 12916 | D:10     | Entered Level 10 of the Dungeon
 12938 | D:10     | Noticed a two-headed ogre
 12952 | D:10     | Killed a two-headed ogre
 13204 | D:10     | Noticed Grum
 13212 | D:10     | Killed Grum
 13311 | D:10     | Found a staircase to the Lair.
 13494 | D:10     | Found an opulent altar of Gozag.
 13560 | D:10     | Noticed an eight-headed hydra
 13578 | D:10     | Slain by an eight-headed hydra

Illustrated notes

Levels and vault maps discovered:
D:1:      psy_arrival_whirlpool, layout_loops_cross
D:2:      layout_basic, kennysheep_generic_room_8
D:3:      layout_basic, nicolae_elyvilon_peaceful_grove,
          shapermc_ecumenical_altar_starsandcircs, portal_sewer_entry_e
D:4:      layout_basic, uniq_pikel
D:5:      layout_loops_corners, kennysheep_path_1,
          amcnicky_mini_corridor_feature, guppyfry_early_lair_pool
D:6:      layout_gridville, lemuel_round_altar, temple_doors_e, uniq_jeremiah,
          uniq_blork_the_orc
D:7:      layout_cave_pools, mainiacjoe_overflow_big_doors,
          ebering_ghost_reflecting_pool, chequers_ossuary_entry_cave,
          minmay_guarded_unrand_finisher
D:8:      layout_gridville, serial_ice, serial_ice_a, serial_ice_b,
          serial_ice_i, serial_ice_m, serial_ice_g, uniq_maggie, uniq_erica
D:9:      layout_loops_corners, nicolae_kikubaaqudgha_miasma_corner,
          uniq_erolcha, uniq_amaemon
D:10:     layout_loops_ring, nicolae_overflow_crystal_walls, dpeg_oklobed_lair,
          uniq_grum

Skill      XL: |  1  2  3  4  5  6  7  8  9 10 11 |
---------------+----------------------------------+-----
Fighting       | 2 |  2.4
Conjurations   | 1 2 3 |  3.6
Air Magic      | 1 2 3 4 5 8 10 | 10.6
Spellcasting   | 1 2 3 5 7 |  7.6
Unarmed Combat | 3 5 |  5.0
Shapeshifting  | 2 3 5 7 |  7.6
Maces & Flails | 2 |  2.4
Summonings     | 1 3 |  3.5
Dodging        | |  2.1
Stealth        | |  0.8
Evocations     | |  3.6

Action                     |  1- 3 |  4- 6 |  7- 9 | 10-12 || total
---------------------------+-------+-------+-------+-------++-------
  Melee: Whip              |   167 |   177 |   189 |    83 ||   616
         Club              |     9 |       |       |       ||     9
         Tailslap          |    15 |    32 |    28 |    25 ||   100
         Punch             |     2 |     7 |     2 |       ||    11
         Spear             |       |       |    18 |       ||    18
         Unarmed           |       |       |       |    13 ||    13
  Throw: Dart              |       |       |       |     1 ||     1
   Cast: Shock             |       |    68 |   110 |    27 ||   205
         Airstrike         |       |       |    44 |    69 ||   113
         Summon Lightning  |       |       |       |    13 ||    13
         Static Discharge  |       |       |       |     3 ||     3
 Invoke: Lesser Servant of |       |       |     2 |       ||     2
         Minor Destruction |       |       |       |     1 ||     1
Ability: Breathe Frost     |       |       |    11 |     3 ||    14
  Evoke: Wand              |       |    16 |    12 |     8 ||    36
    Use: Scroll            |       |       |    13 |       ||    13
         Potion            |       |       |       |     1 ||     1
   Stab: Sleeping          |     1 |     4 |       |     1 ||     6
         Distracted        |       |       |       |     1 ||     1
 Armour: Skin              |   113 |   155 |   199 |   115 ||   582
  Dodge: Dodged            |   131 |   158 |   180 |   101 ||   570
         Form:             |       |       |       |     1 ||     1
         Flux              |       |       |       |     1 ||     1
